Map: Void Thrashing

Players

LilArrin

  • Race: Terran Terran
  • Spawn Location: 9:00

LilArrin

  • Race: Protoss Protoss
  • Spawn Location: 6:00

VOD

Have the link to the VOD?

Description

Time

  • Played on: Aug. 4, 2017, 2:46 a.m.
  • Length: 14:48
Show
View Real Time Build Order
Export as new Build Order

LilArrin Terran 

Build Orders:  

Get SALT Encoding   

  12  0:03  SCV  
  3  0:20  SCV  
  14  0:34  Supply Depot  
  14  0:36  SCV  
  15  0:53  SCV  
  16  1:10  SCV  
  17  1:25  Command Center  
  17  1:29  SCV  
  18  1:46  SCV  
  18  1:49  Barracks  
  19  2:03  SCV  
  20  2:22  Orbital Command  
  20  2:46  Command Center  
  20  2:58  SCV  
  21  3:05  Orbital Command  
  21  3:15  SCV  
  22  3:20  Refinery  
  22  3:23  Refinery  
  22  3:32  SCV  
  22  3:34  Barracks  
  23  3:42  SCV  
  23  3:49  SCV  
  25  3:51  Barracks  
  25  3:59  SCV  
  26  4:05  Barracks Tech Lab  
  26  4:06  Orbital Command  
  26  4:12  SCV  
  26  4:18  Engineering Bay  
  26  4:19  Barracks Reactor  
  27  4:27  Orbital Command  
  27  4:31  Combat Shields  
  27  4:34  SCV  
  27  4:36  Barracks Reactor  
  28  4:42  SCV  
  28  4:48  Supply Depot  
  29  4:50  Marine  
  29  4:51  SCV  
  29  4:56  Terran Infantry Weapons Level 1  
  29  4:59  SCV  
  32  5:00  Marine  
  33  5:18  Marine, SCV  
  33  5:19  Marine x2  
  37  5:37  SCV x2  
  37  5:39  Medic, Marine x2  
  39  5:42  Supply Depot  
  43  6:03  Marine x2  
  43  6:04  Medic  
  43  6:05  SCV  
  48  6:14  Marine x2  
  48  6:15  SCV  
  48  6:16  Marine x2  
  53  6:21  Marine, Stabilizer Medpacks  
  53  6:22  SCV x2  
  53  6:24  Marine x2  
  53  6:26  Marine x2  
  60  6:31  Medic  
  60  6:34  Marine x2  
  60  6:36  Marine  
  60  6:37  Marine  
  65  6:41  Marine, Supply Depot  
  65  6:42  Supply Depot  
  65  6:44  Marine x2  
  65  6:47  Marine x2  
  68  6:51  Marine  
  68  6:56  Marine, SCV x3  
  68  6:57  Marine  
  75  7:01  Marine  
  75  7:02  Medic  
  75  7:07  Marine x3  
  79  7:12  Marine x2, SCV  
  79  7:17  Marine  
  84  7:21  Concussive Shells  
  84  7:29  Supply Depot  
  85  7:30  Supply Depot, Marine x2  
  85  7:32  Supply Depot  
  85  7:33  Marine x3  
  85  7:36  Terran Infantry Armor Level 1  
  88  7:40  Marine x2  
  88  7:43  Medic, Marine  
  88  7:45  Marine  
  92  7:50  Marine  
  92  7:53  Medic, Marine  
  92  7:54  Marine  
  92  7:57  Supply Depot  
  92  7:58  Supply Depot  
  95  8:00  Marine x2  
  89  8:16  Marine x3  
  89  8:17  Medic, Marine  
  90  8:26  Marine x2  
  90  8:27  Medic, Marine x2  
  83  8:31  Supply Depot  
  83  8:33  Supply Depot  
  83  8:36  Marine  
  83  8:37  Marine x3  
  83  8:38  Marine  
  88  8:46  Marine  
  88  8:47  Medic, Marine x2  
  88  8:48  Marine  
  90  8:57  Marine x4  
  90  8:58  Marine  
  95  9:07  Marine x3  
  95  9:08  Marine x2  
  99  9:17  Marine x3  
  99  9:18  Marauder  
  104  9:29  Marine x2  
  108  9:30  Marine x2  
  108  9:31  Marauder  
  113  9:44  Marauder  
  113  9:48  Marine x2  
  113  9:49  Marine x2  
  114  9:56  Medic  
  114  9:58  Marine  
  114  9:59  Marine x2  
  120  10:02  Marine  
  120  10:03  Supply Depot  
  120  10:06  Medic, Supply Depot  
  120  10:09  Marine x2  
  62  10:10  Marine  
  126  10:17  Marauder, Marine  
  126  10:19  Marine  
  131  10:21  Marine x2  
  131  10:29  Medic  
  130  10:35  Marine  
  130  10:36  Marine x3  
  130  10:39  Medic  
  123  10:46  Marine x4  
  123  10:49  Medic  
  126  10:56  Marine x2  
  67  11:00  Medic  
  128  11:09  Marine x2  
  130  11:10  Medic  
  130  11:12  Marine x2  
  130  11:19  Marine x2  
  136  11:20  Marauder  
  136  11:26  Marine x2  
  136  11:29  Marine x2  
  142  11:33  Medic  
  142  11:36  Marine x2  
  142  11:39  Marine x2  
  143  11:43  Marauder  
  143  11:46  Marine x2  
  143  11:49  Marine  
  72  11:50  Marine  
  143  11:56  Marauder, Marine x2  
  73  12:00  Marine x2  
  133  12:06  Marine x2  
  133  12:09  Marauder  
  136  12:10  Marine x2  
  136  12:16  Marine  
  136  12:17  Marine  
  142  12:20  Marine x2  
  142  12:21  Marauder  
  142  12:27  Marine x2  
  146  12:34  Marauder, Marine x2  
  146  12:37  Marine  
  146  12:38  Marine  
  149  12:44  Marine x2  
  149  12:46  Medic  
  149  12:48  Marine x2  
  154  12:54  Marine  
  154  12:55  Marine  
  154  12:56  Medic  
  154  12:58  Marine x2  
  147  13:04  Marine  
  147  13:05  Marine  
  147  13:07  Medic  
  147  13:08  Marine x2  
  149  13:15  Marine x2  
  149  13:17  Marine  
  149  13:18  Marine x2  
  152  13:25  Marine x2  
  152  13:28  Marine  
  156  13:30  Marine  
  156  13:31  Medic  
  156  13:35  Marine x2  
  156  13:39  Marine  
  144  13:40  Marine  
  144  13:41  Medic  
  144  13:45  Marine x2  
  144  13:49  Marine  
  142  13:51  Marine  
  142  13:52  Marauder  
  142  13:55  Marine  
  142  13:56  Marine  
  142  13:59  Marine  
  146  14:01  Marine  
  146  14:04  Marine  
  146  14:06  Marine x2  
  146  14:09  Marine  
  149  14:11  Marine  
  149  14:15  Marauder  
  149  14:16  Marine x2  
  149  14:19  Marine  
  147  14:21  Marine  
  147  14:26  Marine x2  
  147  14:27  Marine  
  88  14:30  Marine  
  146  14:31  Marine  
Show
View Real Time Build Order
Export as new Build Order

LilArrin Protoss 

Build Orders:  

Get SALT Encoding   

Tags
 
Commander
FenixRaynor
Matchup
Co-op
Replay Pack
Co-op Speedrun
Add a new tag
Caveats
  • Supply blocks, unpowered buildings, or Contaminate may cause inaccurate times.
  • Supply counts are checked every 10 seconds.